 Dungeon Crawl Stone Soup version 0.29.1-12-g30fa7ad0bf (webtiles) character file.

Game seed: 12303671357843349158

161 safid the Shooter (level 5, 0/47 HPs)
             Began as a Minotaur Hunter on Dec 14, 2022.
             Slain by a gnoll
             ... wielding a +0 whip
             ... led by a gnoll bouda
              (2 damage)
             ... on level 3 of the Dungeon.
             The game lasted 00:03:11 (2782 turns).

safid the Shooter (Minotaur Hunter)                 Turns: 2782, Time: 00:03:11

Health: 0/47       AC:  3    Str: 16    XL:     5   Next: 19%
Magic:  4/4        EV: 12    Int:  6    God:
Gold:   126        SH:  0    Dex: 15    Spells: 4/4 levels left

rFire   . . .      SeeInvis .   o - +0 arbalest
rCold   . . .      Faith    .   (shield currently unavailable)
rNeg    . . .      Spirit   .   c - +0 leather armour
rPois   .          Reflect  .   (helmet restricted)
rElec   .          Harm     .   (no cloak)
rCorr   .          Rampage  .   (no gloves)
Will    .....                   (no boots)
Stlth   +.........              (no amulet)
HPRegen 0.15/turn               (no ring)
MPRegen 0.09/turn               (no ring)

@: no status effects
A: horns 2, retaliatory headbutt
a: no special abilities


You were on level 3 of the Dungeon.
You visited 1 branch of the dungeon, and saw 4 of its levels.

You collected 126 gold pieces.

Inventory:

Hand Weapons
 o - a +0 arbalest (weapon)
Missiles
 l - 6 javelins
Armour
 c - a +0 leather armour (worn)
Wands
 q - a wand of quicksilver (9)
Scrolls
 b - 2 scrolls of immolation
 d - a scroll of amnesia {unknown}
 f - a scroll of enchant weapon {unknown}
 i - 3 scrolls of identify {unknown}
 k - a scroll of butterflies {unknown}
 m - 2 scrolls of fear {unknown}
 n - a scroll of magic mapping {unknown}
 p - a scroll of teleportation {unknown}
 s - a scroll of poison {unknown}
 t - a scroll of torment {unknown}
Potions
 a - 2 potions of might {unknown}
 e - 2 potions of cancellation {unknown}
 g - a potion of attraction {unknown}
 h - 2 potions of curing
 j - 2 potions of brilliance {unknown}
 r - a potion of lignification {unknown}


   Skills:
 + Level 4.9 Fighting
 + Level 5.9 Ranged Weapons
 - Level 2.1 Dodging
 - Level 0.7 Stealth


You had 4 spell levels left.
You didn't know any spells.
Your spell library contained the following spells:

 Spells                   Type           Power      Damage    Failure   Level
 Ignite Poison            Fire/Tmut/Pois 0%         N/A       88%         3
 Mephitic Cloud           Conj/Pois/Air  0%         N/A       88%         3
 Alistair's Intoxication  Tmut/Pois      0%         N/A       100%        5
 Borgnjor's Vile Clutch   Necr/Erth      0%         N/A       100%        5
 Freezing Cloud           Conj/Ice/Air   0%         6-21      100%        5
 Eringya's Noxious Bog    Tmut/Pois      0%         N/A       100%        6


Dungeon Overview and Level Annotations

Branches:
Dungeon (4/15)
 Temple: D:4-7

Altars:

Shops:
D:1 *   D:4 !

Annotations:
D:3 2 transporters, FrankDuskstone's ghost, amateur HuBe


Innate Abilities, Weirdness & Mutations

You have a pair of horns on your head.
You reflexively headbutt those who attack you in melee.


Message History

The gnoll is healed somewhat.
You shoot a bolt. The bolt hits the gnoll!
The gnoll is severely wounded.
The gnoll hits you with a +0 whip. The gnoll barely misses you.
The gnoll bouda barks out a call to the hunt!
The gnolls pick up the pace!
The gnoll bouda hits you with a +0 whip.
A jelly comes into view.
The gnoll hits you with a +0 whip. The gnoll hits you with a +0 club.
The jelly quivers.
The gnoll closely misses you. You furiously retaliate!
You headbutt the gnoll. The gnoll hits you with a +0 club!
The gnoll bouda closely misses you. You furiously retaliate!
You headbutt the gnoll bouda!
You climb upwards.
Level annotation: 2 transporters, FrankDuskstone's ghost, amateur HuBe
There is a stone staircase leading down here.
Fire: o) +0 arbalest
Press: ? - help, Q - select action, (/) - cycle Shift-Dir - straight line, f - gnoll
Aim: a gnoll, wielding a +0 club (severely wounded, covering ground quickly, 61% to hit)
You shoot a bolt. The bolt hits the gnoll.
You kill the gnoll!
The gnoll bouda barely misses you. The gnoll closely misses you.
You furiously retaliate!
You headbutt the gnoll, but do no damage.
Fire: o) +0 arbalest
Press: ? - help, Q - select action, (/) - cycle Shift-Dir - straight line, f - gnoll bouda
Aim: a gnoll bouda, wielding a +0 whip and wearing a +0 robe (heavily wounded, 61% to hit)
You shoot a bolt.
The bolt closely misses the gnoll bouda.
The gnoll bouda hits you with a +0 whip!
* * * LOW HITPOINT WARNING * * *
The gnoll misses you. The gnoll hits you with a +0 whip.
* * * LOW HITPOINT WARNING * * *
The gnoll bouda closely misses you.
Unknown command.
It was a potion of curing.
You feel better.
The gnoll bouda hits you with a +0 whip!
* * * LOW HITPOINT WARNING * * *
The gnoll hits you with a +0 whip.
You die...

####.# #.# #.##............
#.# #.# #.##.####.......
#.########.####.##.# #......#
#.##.......>.##.##.# #.#...##
#.##.#######.##.##.# #.##.##
#.##.# #.##.##.####.##.#
#.##.## ###.##.##........)###
#.#...####....).##.........)..
#<...........@g.()).###.######
###...####.#g#####..# #.......
#####...# #.#.# #..# ########
#.....#.# #.#.# #..#
#.###...####.#.# #..#### #.#
##.........# #.....# ## #.#
#######.### #.###.# #. #.# #.#
#.# #.# #. ##.## #)# #.# #.#
#.


You could see a gnoll bouda and a gnoll (swift).

Vanquished Creatures
  Terence (D:2)
  Robin (D:2)
  3 adders
  2 gnolls
  2 dart slugs
  7 orcs (D:3)
  3 ball pythons
  4 bats
  4 endoplasms
  A giant cockroach (D:4)
  13 goblins
  8 hobgoblins
  4 jackals (D:3)
  7 kobolds
  A frilled lizard (D:2)
  3 rats
64 creatures vanquished.

Notes
Turn   | Place    | Note
-------+----------+-------------------------------------------
     0 | D:1      | safid the Minotaur Hunter began the quest for the Orb.
     0 | D:1      | Reached XP level 1. HP: 18/18 MP: 0/0
   353 | D:1      | Reached XP level 2. HP: 25/25 MP: 1/1
   761 | D:1      | Found Cytopnos's Assorted Antiques.
  1131 | D:2      | Reached skill level 5 in Ranged Weapons
  1131 | D:2      | Reached XP level 3. HP: 31/31 MP: 2/2
  1328 | D:2      | Noticed Terence
  1331 | D:2      | Killed Terence
  1447 | D:2      | Reached XP level 4. HP: 40/40 MP: 3/3
  1458 | D:2      | Noticed Robin
  1464 | D:2      | Killed Robin
  2277 | D:3      | Noticed FrankDuskstone's ghost (amateur HuBe)
  2278 | D:3      | Found a transporter.
  2278 | D:3      | Found a transporter.
  2278 | D:3      | Noticed an ogre
  2278 | D:3      | Noticed an ogre
  2280 | D:3      | Identified the +6 great mace of Hell's Wrath {freeze, Str+5
                  | Stlth-}
  2280 | D:3      | Noticed an ogre
  2382 | D:3      | Found a faded altar of an unknown god.
  2667 | D:3      | Reached XP level 5. HP: 47/47 MP: 4/4
  2767 | D:4      | Found Coedacwo's Distillery.
  2782 | D:3      | HP: 2/47 [gnoll bouda/+0 whip (11)]
  2782 | D:3      | Slain by a gnoll

Illustrated notes

Levels and vault maps discovered:
D:1:      dpeg_arrival_chambers_temple_mockup, layout_basic, serial_shops,
          nicolae_shop_behind_doors
D:2:      layout_loops_corners, uniq_robin, uniq_terence
D:3:      layout_loops_ring, hellmonk_ecumenical_altar_heavens_door,
          gammafunk_ghost_smash
D:4:      layout_cave_pools, minmay_temple_entry_junction, serial_shops,
          nicolae_stop_n_shop_2, minmay_hollow_rounded_squares,
          uniq_crazy_yiuf_cottage

Skill      XL: |  1  2  3 |
---------------+----------+-----
Fighting       | 3 4 |  4.9
Ranged Weapons | 5 |  5.9
Dodging        | |  2.1
Stealth        | |  0.7

Action                   |  1- 3 |  4- 6 || total
-------------------------+-------+-------++-------
 Fire: Shortbow          |    66 |       ||    66
       Arbalest          |    10 |    73 ||    83
  Use: Potion            |       |     1 ||     1
Armor: Leather armour    |     4 |     7 ||    11
Dodge: Dodged            |    13 |    30 ||    43
